 Dungeon Crawl Stone Soup version 0.31.0-12-g77e489cdc1 (webtiles) character file.

Game seed: 17957851837037037275

477 Gadfly the Insei (level 6, 47/47 HPs)
             Began as a Demonspawn Monk on Feb 12, 2024.
             Quit the game on level 4 of the Dungeon.
             The game lasted 00:06:08 (3248 turns).

Gadfly the Insei (Demonspawn Monk)                  Turns: 3248, Time: 00:06:09

Health: 47/47      AC:  8    Str: 16      XL:     6   Next: 85%
Magic:  6/6        EV: 12    Int: 10 (11) God:
Gold:   13         SH:  0    Dex: 13 (15) Spells: 5/5 levels left

rFire   + . .        b - +0 spear (venom)
rCold   . . .        c - orb {light}
rNeg    . . .        j - +3 leather armour of the Charred Tuna {rF+ Str+3}
rPois   .            a - +0 helmet
rElec   .            (no cloak)
rCorr   .            d - +0 pair of gloves
SInv    .            (no boots)
Will    .....        e - amulet of the acrobat
Stlth   +            (no ring)
HPRegen 0.27/turn    (no ring)
MPRegen 0.10/turn

%: acrobat
@: glowing
A: hooves 2, demonic magic 1
a: no special abilities


You were on level 4 of the Dungeon.
You visited 1 branch of the dungeon, and saw 4 of its levels.

You collected 101 gold pieces.
You spent 88 gold pieces at shops.

Inventory:

Hand Weapons
 b - a +0 spear of venom (weapon)
 l - a +1 dagger of draining
Armour
 a - a +0 helmet (worn)
 c - an orb of light (worn)
 d - a +0 pair of gloves (worn)
 f - a +0 animal skin
 j - the +3 leather armour of the Charred Tuna (worn) {rF+ Str+3}
   (You took it off a gnoll on level 3 of the Dungeon)

   Str+3:     It affects your strength (+3).
   rF+:       It protects you from fire.
Jewellery
 e - an amulet of the acrobat (around neck)
Scrolls
 m - a scroll of silence
 o - 3 scrolls of immolation {unknown}
 p - a scroll of identify
Potions
 g - a potion of lignification
 h - a potion of attraction {unknown}
 i - 4 potions of haste
 k - 2 potions of curing
 n - a potion of heal wounds


   Skills:
 + Level 3.2 Fighting
 + Level 3.6 Dodging
 * Level 4.3 Unarmed Combat
 * Level 3.5 Evocations
 * Level 2.7 Shapeshifting


You had 5 spell levels left.
You didn't know any spells.
Your spell library contained the following spells:

 Spells                   Type           Power      Damage    Failure   Level
 Call Canine Familiar     Summ           0%         N/A       80%         3
 Sigil of Binding         Hex            0%         N/A       80%         3
 Dimensional Bullseye     Hex/Tloc       0%         N/A       99%         4


Dungeon Overview and Level Annotations

Branches:
Dungeon (4/15)
 Temple: D:4-7

Altars:
Fedhas
Kikubaaqudgha
Nemelex Xobeh
Uskayaw

Shops:
D:4 !


Innate Abilities, Weirdness & Mutations

You have hoof-like feet.
Spells you cast may paralyse adjacent enemies.


Message History

You drop a +0 helmet.
A giant cockroach comes into view.
Found a scroll of identify.
A giant cockroach is nearby!
A giant cockroach is nearby!
A hound comes into view.
The hound barks!
You hit the giant cockroach but do no damage.
The giant cockroach is poisoned.
The giant cockroach bites you but does no damage.
The giant cockroach closely misses you.
You hit the giant cockroach but do no damage.
The giant cockroach looks even sicker.
Your kick misses the giant cockroach.
The giant cockroach is almost dead.
You kill the giant cockroach!
You hit the hound.
The hound is lightly wounded.
The hound closely misses you. x2
You barely miss the hound.
The hound is lightly wounded.
The hound misses you. The hound closely misses you.
You hit the hound.
The hound is poisoned.
Your kick misses the hound.
The hound is heavily wounded.
The hound bites you but does no damage.
You hit the hound.
The hound looks as sick as possible!
The hound is severely wounded.
The hound bites you but does no damage. The hound closely misses you.
You hit the hound.
You kill the hound!
No target in view!
No target in view!
No target in view!
No target in view!
No target in view!
No target in view!
No target in view!
No target in view!
No target in view!
p - a scroll of identify Are you sure you want to abandon this character and quit the game? (Confirm with "yes".)

################
#...†..........#
#.#.....@##
#.#........#
#.#......#.# ##
##.########.# #.
#..........
#.#.. #.
#..########
#.#.## ####.
#.#..# #.#..
#.##. #.#..#
#.#.# #.##.
#.#..#
#######.#.#
#.##.


There were no monsters in sight!

Vanquished Creatures
  An ogre (D:4)
  2 hounds
  An orc priest (D:3)
  Natasha (D:4)
  3 orc wizards
  Robin (D:2)
  4 gnolls
  4 adders
  2 ribbon worms
  2 dart slugs
  11 orcs
  5 endoplasms
  6 giant cockroaches
  12 goblins
  9 hobgoblins
  3 jackals (D:2)
  2 quokkas
  5 ball pythons
  8 bats
  2 frilled lizards (D:2)
  10 kobolds
  7 rats
101 creatures vanquished.

Notes
Turn   | Place    | Note
-------+----------+-------------------------------------------
     0 | D:1      | Gadfly the Demonspawn Monk began the quest for the Orb.
     0 | D:1      | Reached XP level 1. HP: 18/18 MP: 1/1
    61 | D:1      | Gained mutation: Spells you cast may paralyse adjacent
                  | enemies. [demonic ancestry]
    61 | D:1      | Reached XP level 2. HP: 19/24 MP: 2/2
   116 | D:1      | Reached skill level 3 in Unarmed Combat
   199 | D:1      | Reached skill level 1 in Evocations
   797 | D:2      | Reached skill level 1 in Shapeshifting
   797 | D:2      | Reached XP level 3. HP: 28/29 MP: 3/3
  1220 | D:2      | Noticed Robin
  1230 | D:2      | Killed Robin
  1231 | D:2      | Gained mutation: You have large cloven feet. [demonic
                  | ancestry]
  1231 | D:2      | Reached XP level 4. HP: 30/35 MP: 4/4
  1998 | D:3      | Found a hide-covered altar of Uskayaw.
  2142 | D:3      | Found a faded altar of an unknown god.
  2150 | D:3      | Identified the +3 leather armour of the Charred Tuna {rF+
                  | Str+3}
  2165 | D:3      | Gained mutation: You have hoof-like feet. [demonic
                  | ancestry]
  2165 | D:3      | Reached XP level 5. HP: 20/41 MP: 5/5
  2349 | D:3      | Found a sparkling altar of Nemelex Xobeh.
  2771 | D:3      | Reached skill level 4 in Unarmed Combat
  2829 | D:4      | Reached XP level 6. HP: 46/47 MP: 6/6
  2910 | D:4      | Found a blossoming altar of Fedhas.
  2943 | D:4      | Found an ancient bone altar of Kikubaaqudgha.
  2970 | D:4      | Noticed Natasha
  2976 | D:4      | Killed Natasha
  2986 | D:4      | Found Egaeppim's Distillery.
  2993 | D:4      | Bought a potion of heal wounds for 55 gold pieces
  2993 | D:4      | Bought a potion of curing for 33 gold pieces
  3023 | D:4      | HP: 1/42 [orc wizard/puff of flame (3)]
  3248 | D:4      | Quit the game

Illustrated notes

Levels and vault maps discovered:
D:1:      ncdulo_smallfort, layout_rooms
D:2:      layout_basic, uniq_robin
D:3:      layout_rooms, nemelex_spade_bored_becter, mainiacjoe_overflow_catwalk,
          hellmonk_ecumenical_altar_pennies_from_heaven
D:4:      layout_basic, lemuel_round_altar, lemuel_tele_altar,
          nicolae_kikubaaqudgha_miasma_corner, serial_shops,
          nicolae_square_shop, corner_web_ring, uniq_natasha

Skill      XL: |  1  2  3  4  5  6 |
---------------+-------------------+-----
Unarmed Combat | 3 4 |  4.3
Evocations     | 1 2 3 |  3.5
Shapeshifting  | 1 2 |  2.7
Dodging        | 3 |  3.6
Fighting       | |  3.2

Action                     |  1- 3 |  4- 6 || total
---------------------------+-------+-------++-------
  Melee: Unarmed           |    58 |       ||    58
         Spear             |    87 |   160 ||   247
         Kick              |       |    44 ||    44
    Use: Scroll            |     3 |     3 ||     6
         Potion            |     1 |     2 ||     3
 Armour: Robe              |    51 |       ||    51
         Animal skin       |     4 |    41 ||    45
         Leather armour    |       |    65 ||    65
  Dodge: Dodged            |   111 |   129 ||   240
